Map: Triton LE

Players

Elazer

  • Race: Zerg Zerg
  • Spawn Location: 11:00

Maru - Winner!

  • Race: Terran Terran
  • Spawn Location: 5:00

Event: IEM Katowice 2020

VOD

Have the link to the VOD?

Description

Time

  • Played on: Feb. 28, 2020, 9:05 a.m.
  • Length: 9:10

All games in this series

Show
View Real Time Build Order
Export as new Build Order

Elazer Zerg 

Build Orders: Hatch First 

Get SALT Encoding   

  12  0:00  Drone  
  13  0:12  Overlord  
  13  0:16  Drone  
  14  0:30  Drone x2  
  16  0:47  Hatchery  
  15  0:51  Drone  
  15  0:54  Drone  
  17  0:57  Drone  
  18  1:08  Extractor  
  17  1:12  Spawning Pool  
  17  1:15  Drone  
  17  1:19  Drone  
  18  1:28  Drone  
  19  2:01  Queen  
  19  2:02  Zergling x8, Spine Crawler  
  23  2:12  Zergling x2  
  21  2:22  Zergling x4  
  22  2:25  Zergling x2  
  22  2:34  Drone x2  
  23  2:44  Drone x2  
  23  2:56  Queen  
  25  2:58  Overlord  
  25  3:02  Drone  
  26  3:06  Drone  
  27  3:17  Queen  
  27  3:19  Drone  
  30  3:23  Drone  
  30  3:25  Drone  
  32  3:31  Metabolic Boost  
  32  3:34  Drone  
  33  3:37  Drone  
  34  3:42  Overlord  
  34  3:44  Drone  
  35  3:49  Extractor, Drone  
  36  4:00  Drone x3  
  39  4:03  Drone x3  
  39  4:08  Drone  
  43  4:18  Hatchery  
  43  4:22  Overlord  
  43  4:24  Drone  
  43  4:27  Extractor  
  43  4:29  Extractor  
  43  4:30  Queen  
  43  4:34  Overlord  
  45  4:43  Zergling x8, Drone  
  50  4:46  Drone  
  50  4:51  Spore Crawler  
  50  4:56  Zergling x4  
  50  5:03  Zergling x4  
  50  5:06  Zergling x8  
  56  5:07  Queen  
  56  5:12  Overlord  
  58  5:17  Zergling x6  
  58  5:20  Zergling x2  
  55  5:26  Zergling x2  
  50  5:34  Drone x3  
  51  5:39  Overlord  
  51  5:40  Drone x3  
  54  5:47  Drone x2  
  56  5:53  Drone  
  56  5:55  Lair, Evolution Chamber  
  56  5:56  Spore Crawler  
  55  5:57  Spore Crawler, Evolution Chamber  
  55  5:59  Drone  
  55  6:03  Drone x2  
  56  6:10  Extractor, Drone x3  
  57  6:16  Drone x3  
  60  6:18  Drone  
  60  6:21  Drone x2  
  60  6:23  Drone  
  63  6:26  Drone x2  
  63  6:27  Drone  
  63  6:29  Drone  
  63  6:31  Drone  
  67  6:33  Drone  
  67  6:38  Drone x3  
  70  6:42  Extractor  
  70  6:44  Overlord  
  70  6:45  Drone, Baneling Nest  
  69  6:47  Drone  
  69  6:49  Drone  
  69  6:55  Overseer  
  69  6:57  Drone x6  
  69  6:59  Drone  
  69  7:08  Drone x6  
  73  7:11  Zerg Melee Weapons Level 1  
  73  7:16  Zerg Ground Armor Level 1  
  73  7:19  Drone x3  
  73  7:21  Drone  
  77  7:23  Drone x2  
  77  7:25  Drone x2  
  77  7:27  Extractor  
  77  7:29  Centrifical Hooks  
  80  7:37  Extractor, Queen  
  81  7:46  Overlord  
  81  7:55  Overlord  
  81  7:57  Overlord  
  81  8:02  Hatchery  
  81  8:03  Zergling x2  
  81  8:06  Baneling x9  
  81  8:07  Zergling x16  
  81  8:12  Overlord  
  89  8:13  Queen  
  89  8:14  Overlord  
  88  8:20  Overlord  
  88  8:23  Drone x2  
  88  8:24  Hatchery  
  88  8:25  Spire  
  88  8:28  Overlord  
  84  8:37  Hatchery  
  84  8:39  Zergling x6  
  85  8:44  Drone x2  
  85  8:47  Drone x4  
  91  8:56  Extractor  
Show
View Real Time Build Order
Export as new Build Order

Maru Terran - Winner!

Build Orders: Hellion Banshee 

Get SALT Encoding   

  12  0:00  SCV  
  13  0:12  SCV  
  14  0:17  Supply Depot  
  14  0:24  SCV  
  15  0:39  Barracks  
  15  0:52  Barracks  
  15  0:53  SCV  
  16  1:05  SCV  
  16  1:06  Refinery  
  17  1:17  SCV  
  18  1:26  Marine  
  18  1:29  Orbital Command  
  19  1:34  Supply Depot  
  19  1:39  Marine  
  20  1:44  Marine  
  21  1:49  Bunker  
  21  1:57  Marine  
  21  1:58  SCV  
  23  2:02  Marine  
  24  2:11  SCV  
  24  2:23  SCV, Factory  
  24  2:25  Marine x2  
  26  2:35  SCV  
  25  2:43  Marine x2  
  25  2:47  SCV  
  25  2:56  Command Center  
  25  2:59  SCV  
  25  3:01  Marine x2  
  25  3:05  Supply Depot  
  28  3:09  Factory Reactor  
  28  3:11  SCV  
  29  3:18  Starport  
  29  3:23  SCV  
  29  3:25  Refinery  
  30  3:35  SCV  
  31  3:46  Hellion x2  
  31  3:47  SCV  
  36  3:54  Medivac  
  38  3:59  SCV  
  39  4:08  Hellion x2  
  39  4:09  Orbital Command  
  43  4:12  SCV  
  44  4:22  Supply Depot  
  44  4:24  SCV, Starport Tech Lab  
  44  4:30  Barracks Tech Lab  
  45  4:34  Hellion x2  
  45  4:37  SCV  
  50  4:39  SCV  
  50  4:44  Supply Depot  
  51  4:49  SCV, Cloaking Field  
  51  4:50  Banshee  
  51  4:51  SCV  
  55  5:01  Hellion x2  
  55  5:02  Marine, Stimpack  
  55  5:04  SCV  
  61  5:07  SCV  
  62  5:16  SCV  
  62  5:19  SCV  
  57  5:28  SCV  
  57  5:32  SCV  
  57  5:33  Banshee, Command Center  
  54  5:43  SCV, Barracks  
  54  5:46  Marine  
  54  5:47  Barracks  
  54  5:48  Factory Reactor  
  56  5:50  SCV  
  56  5:55  SCV, Supply Depot  
  56  6:02  SCV  
  56  6:03  Engineering Bay  
  56  6:04  Marine, Engineering Bay  
  55  6:08  SCV  
  57  6:15  SCV  
  58  6:20  SCV  
  58  6:21  Supply Depot  
  58  6:22  Marine, Starport Reactor  
  60  6:27  SCV  
  60  6:31  Terran Infantry Weapons Level 1, Terran Infantry Armor Level 1  
  60  6:32  SCV  
  62  6:33  Marine x2  
  62  6:39  SCV, Refinery x2  
  68  6:42  Marine x2  
  68  6:43  Marine, Combat Shield  
  68  6:44  SCV  
  72  6:48  Orbital Command  
  72  6:51  Marine x2, SCV  
  75  6:56  SCV  
  75  7:00  Marine  
  77  7:02  Marine x2  
  77  7:03  Medivac  
  77  7:05  Medivac  
  77  7:07  SCV  
  77  7:08  SCV  
  82  7:12  Marine x2  
  82  7:15  Orbital Command  
  84  7:16  Barracks  
  84  7:17  Barracks  
  84  7:18  Marine  
  84  7:19  SCV  
  84  7:20  Marine x2  
  84  7:22  Siege Tank  
  91  7:23  SCV  
  92  7:30  Marine  
  92  7:32  SCV, Supply Depot  
  92  7:33  Supply Depot  
  92  7:34  Supply Depot  
  94  7:38  Marine x2  
  96  7:47  Marine x2, Medivac  
  96  7:48  Marine  
  101  7:52  Armory  
  101  7:54  SCV x3, Medivac  
  101  7:56  Marine x2  
  101  7:58  Siege Tank  
  111  7:59  Supply Depot  
  111  8:04  Marine  
  111  8:05  Marine  
  113  8:06  Marine  
  113  8:08  SCV x2  
  113  8:10  Barracks Reactor x2  
  113  8:12  Supply Depot  
  116  8:13  Marine  
  116  8:14  Marine  
  116  8:15  Refinery  
  116  8:16  SCV, Refinery  
  119  8:20  SCV  
  119  8:23  Marine x3  
  119  8:24  Supply Depot  
  119  8:25  SCV, Supply Depot  
  124  8:28  SCV  
  124  8:33  SCV, Medivac x2  
  127  8:37  SCV  
  127  8:38  Supply Depot  
  127  8:40  SCV  
  132  8:45  Supply Depot  
  132  8:46  SCV  
  133  8:49  SCV  
  133  8:52  Marine x3  

Tags
 
Add a new tag
Caveats
  • Supply blocks, unpowered buildings, or Contaminate may cause inaccurate times.
  • Supply counts are checked every 10 seconds.